SAAA
PHOENIX HOTSPUR RESERVES @ JERSEY CITY TRITONS
09/14/2027
 
TOP OF THE 1ST
Phoenix Hotspur Reserves batting - Pitching for Jersey City Tritons : LHP Chris Sommer
Pitching: LHP Chris Sommer
Batting: RHB Wilson Castillo 0-0: Ball
1-0: Fly out, F8 (Flyball, 8LM)
Batting: RHB Satoshi Terada 0-0: Ball
1-0: Fly out, F9 (Flyball, 9)
Batting: RHB Martín Martínez 0-0: Foul Ball, location: 2F
0-1: Fly out, F9 (Flyball, 3D)
Top of the 1st over - 0 run(s), 0 hit(s), 0 error(s), 0 left on base; Phoenix 0 - Jersey City 0
BOTTOM OF THE 1ST
Jersey City Tritons batting - Pitching for Phoenix Hotspur Reserves : RHP Prince Nakamura
Pitching: RHP Prince Nakamura
Batting: RHB Luis Rodríguez 0-0: Ball
1-0: Fly out, F8 (Line Drive, 8LD)
Batting: RHB Rudko Hrnjak 0-0: Called Strike
0-1: Hit by Pitch
Batting: LHB Marlon Randall 0-0: Swinging Strike
0-1: Ball
1-1: Swinging Strike
1-2: Ball
2-2: Ball
3-2: Base on Balls
Rudko Hrnjak to second
Batting: RHB Ju-chan Pak 0-0: Called Strike
0-1: Ball
1-1: Ground out 5-3 (Groundball, 56S)
Rudko Hrnjak to third
Marlon Randall to second
Batting: RHB Mike Greene 0-0: Called Strike
0-1: Ball
1-1: Swinging Strike
1-2: Ground out 6-3 (Groundball, 6)
Bottom of the 1st over - 0 run(s), 0 hit(s), 0 error(s), 2 left on base; Phoenix 0 - Jersey City 0
TOP OF THE 2ND
Phoenix Hotspur Reserves batting - Pitching for Jersey City Tritons : LHP Chris Sommer
Batting: SHB Jesús González 0-0: Ground out 5-3 (Groundball, 5)
Batting: RHB Jesús Álvarez 0-0: Ball
1-0: Called Strike
1-1: Ball
2-1: Ball
3-1: Foul Ball, location: 2F
3-2: SINGLE (Line Drive, 9LS)
Batting: RHB Marc Meertens 0-0: Called Strike
0-1: Fly out, F8 (Flyball, 8RS)
Batting: RHB Germán Alfaro 0-0: Called Strike
0-1: Foul Ball, location: 2F
0-2: Strikes out looking
Top of the 2nd over - 0 run(s), 1 hit(s), 0 error(s), 1 left on base; Phoenix 0 - Jersey City 0
BOTTOM OF THE 2ND
Jersey City Tritons batting - Pitching for Phoenix Hotspur Reserves : RHP Prince Nakamura
Batting: RHB Bob Heller 0-0: Called Strike
0-1: Ball
1-1: Called Strike
1-2: Strikes out swinging
Batting: RHB Bryan Wilson 0-0: Called Strike
0-1: Ground out 4-3 (Groundball, 4)
Batting: SHB Vince Barrowcliff 0-0: Ball
1-0: Ball
2-0: Ball
3-0: Base on Balls
Batting: RHB Gabriel Guerrero 0-0: Called Strike
0-1: Fly out, F8 (Flyball, 8RM)
Bottom of the 2nd over - 0 run(s), 0 hit(s), 0 error(s), 1 left on base; Phoenix 0 - Jersey City 0
TOP OF THE 3RD
Phoenix Hotspur Reserves batting - Pitching for Jersey City Tritons : LHP Chris Sommer
Batting: LHB Derek Blair 0-0: Ball
1-0: Fly out, F8 (Flyball, 8LM)
Batting: LHB Clark Espinosa 0-0: Called Strike
0-1: Ball
1-1: SINGLE (Line Drive, 89M)
Batting: RHB Wilson Castillo 0-0: Called Strike
0-1: Foul Ball, location: 2F
0-2: Ball
1-2: Ball
2-2: Strikes out swinging
Batting: RHB Satoshi Terada 0-0: Called Strike
0-1: Ball
1-1: Ball
2-1: Fly out, F2 (Popup, 2L)
Top of the 3rd over - 0 run(s), 1 hit(s), 0 error(s), 1 left on base; Phoenix 0 - Jersey City 0
BOTTOM OF THE 3RD
Jersey City Tritons batting - Pitching for Phoenix Hotspur Reserves : RHP Prince Nakamura
Batting: RHB Luis Rodríguez 0-0: Foul Ball, location: 2F
0-1: Ball
1-1: Foul Ball, location: 2F
1-2: Strikes out swinging
Batting: RHB Rudko Hrnjak 0-0: Swinging Strike
0-1: SINGLE (Line Drive, 34)
Batting: LHB Marlon Randall 0-0: Ball
1-0: Grounds into double play, 1-6-3 (Groundball, P)
Bottom of the 3rd over - 0 run(s), 1 hit(s), 0 error(s), 0 left on base; Phoenix 0 - Jersey City 0
TOP OF THE 4TH
Phoenix Hotspur Reserves batting - Pitching for Jersey City Tritons : LHP Chris Sommer
Batting: RHB Martín Martínez 0-0: Ball
1-0: SINGLE (Line Drive, 78M)
Batting: SHB Jesús González 0-0: Ball
1-0: Called Strike
Martín Martínez steals 2nd base
1-1: Called Strike
1-2: Ball
2-2: Strikes out looking
Batting: RHB Jesús Álvarez 0-0: Called Strike
0-1: Foul Ball, location: 2F
0-2: Ball
1-2: Ball
2-2: Strikes out swinging
Batting: RHB Marc Meertens 0-0: Ball
1-0: Ball
2-0: Ball
3-0: Base on Balls
Batting: RHB Germán Alfaro 0-0: Foul Ball, location: 2F
0-1: Foul Ball, location: 2F
0-2: Ball
1-2: Ball
2-2: Foul Ball, location: 2F
2-2: Ground out 1-3 (Groundball, 13)
Top of the 4th over - 0 run(s), 1 hit(s), 0 error(s), 2 left on base; Phoenix 0 - Jersey City 0
BOTTOM OF THE 4TH
Jersey City Tritons batting - Pitching for Phoenix Hotspur Reserves : RHP Prince Nakamura
Batting: RHB Ju-chan Pak 0-0: Ball
1-0: Swinging Strike
1-1: Fly out, F4 (Popup, 34D)
Batting: RHB Mike Greene 0-0: Called Strike
0-1: Foul Ball, location: 2F
0-2: Ball
1-2: Strikes out swinging
Batting: RHB Bob Heller 0-0: Ball
1-0: Ball
2-0: Called Strike
2-1: Ground out 6-3 (Groundball, 6S)
Bottom of the 4th over - 0 run(s), 0 hit(s), 0 error(s), 0 left on base; Phoenix 0 - Jersey City 0
TOP OF THE 5TH
Phoenix Hotspur Reserves batting - Pitching for Jersey City Tritons : LHP Chris Sommer
Batting: LHB Derek Blair 0-0: Ball
1-0: Ball
2-0: SINGLE (Groundball, 6MD)
Batting: LHB Clark Espinosa 0-0: Sac Bunt - play at first, batter OUT! 5-3
Derek Blair to second
Batting: RHB Wilson Castillo 0-0: Called Strike
0-1: Ball
1-1: Foul Ball, location: 2F
1-2: Strikes out swinging
Batting: RHB Satoshi Terada 0-0: Ball
1-0: Ball
2-0: Ball
3-0: Called Strike
3-1: Base on Balls
Batting: RHB Martín Martínez 0-0: Fly out, F8 (Flyball, 89D)
Top of the 5th over - 0 run(s), 1 hit(s), 0 error(s), 2 left on base; Phoenix 0 - Jersey City 0
BOTTOM OF THE 5TH
Jersey City Tritons batting - Pitching for Phoenix Hotspur Reserves : RHP Prince Nakamura
Batting: RHB Bryan Wilson 0-0: Foul Ball, location: 2F
0-1: Swinging Strike
0-2: Ball
1-2: Strikes out swinging
Batting: SHB Vince Barrowcliff 0-0: Foul Ball, location: 2F
0-1: Foul Ball, location: 2F
0-2: Strikes out swinging
Batting: RHB Gabriel Guerrero 0-0: Ball
1-0: Ball
2-0: Called Strike
2-1: Ball
3-1: Foul Ball, location: 2F
3-2: SINGLE (Groundball, 56D)
Batting: RHB Luis Rodríguez 0-0: Ball
1-0: Ball
2-0: Ball
3-0: Called Strike
3-1: Foul Ball, location: 2F
3-2: Foul Ball, location: 2F
3-2: Foul Ball, location: 2F
3-2: Foul Ball, location: 2F
3-2: SINGLE (Line Drive, 89S)
Gabriel Guerrero to second
Gabriel Guerrero to third
Batting: RHB Rudko Hrnjak 0-0: Ball
1-0: Ball
2-0: Called Strike
2-1: Fielders Choice at 2nd, 5-4 (Groundball, 5)
Bottom of the 5th over - 0 run(s), 2 hit(s), 0 error(s), 1 left on base; Phoenix 0 - Jersey City 0
TOP OF THE 6TH
Phoenix Hotspur Reserves batting - Pitching for Jersey City Tritons : LHP Chris Sommer
Batting: SHB Jesús González 0-0: Ball
1-0: Ground out 5-3 (Groundball, 56S)
Batting: RHB Jesús Álvarez 0-0: Ball
1-0: Foul Ball, location: 2F
1-1: Ball
2-1: Called Strike
2-2: Ball
3-2: Foul Ball, location: 2F
3-2: SINGLE (Line Drive, 4MD)
Batting: RHB Marc Meertens 0-0: Called Strike
Jesús Álvarez steals 2nd base
0-1: Foul Ball, location: 2F
0-2: Ball
1-2: Fly out, F8 (Flyball, 89M)
Batting: RHB Germán Alfaro 0-0: Ball
1-0: Ball
2-0: Ball
3-0: Called Strike
3-1: Foul Ball, location: 2F
3-2: Ground out 4-3 (Groundball, 4)
Top of the 6th over - 0 run(s), 1 hit(s), 0 error(s), 1 left on base; Phoenix 0 - Jersey City 0
BOTTOM OF THE 6TH
Jersey City Tritons batting - Pitching for Phoenix Hotspur Reserves : RHP Prince Nakamura
Batting: LHB Marlon Randall 0-0: Called Strike
0-1: Called Strike
0-2: Ball
1-2: Ground out 4-3 (Groundball, 34)
Batting: RHB Ju-chan Pak 0-0: Ball
1-0: Foul Ball, location: 2F
1-1: Ball
2-1: Ground out 4-3 (Groundball, 4)
Batting: RHB Mike Greene 0-0: Ball
1-0: Called Strike
1-1: Ground out 3-1 (Groundball, 34S)
Bottom of the 6th over - 0 run(s), 0 hit(s), 0 error(s), 0 left on base; Phoenix 0 - Jersey City 0
TOP OF THE 7TH
Phoenix Hotspur Reserves batting - Pitching for Jersey City Tritons : LHP Chris Sommer
Pinch Hitting: RHB Ben Anderson 0-0: Fly out, F9 (Line Drive, 9)
Pinch Hitting: RHB Hiwahikeiki Noelani 0-0: Foul Ball, location: 2F
0-1: Fly out, F4 (Popup, 34D)
Pinch Hitting: RHB Pepe Reyes 0-0: Ball
1-0: Ball
2-0: Foul Ball, location: 2F
2-1: Swinging Strike
2-2: Strikes out swinging
Top of the 7th over - 0 run(s), 0 hit(s), 0 error(s), 0 left on base; Phoenix 0 - Jersey City 0
BOTTOM OF THE 7TH
Jersey City Tritons batting - Pitching for Phoenix Hotspur Reserves : RHP Prince Nakamura
Now at 3B: Pepe Reyes
Now in LF: Hiwahikeiki Noelani
Now in CF: Billy Strauss
Batting: RHB Bob Heller 0-0: Ball
1-0: Foul Ball, location: 2F
1-1: Called Strike
1-2: Ball
2-2: Foul Ball, location: 2F
2-2: Foul Ball, location: 2F
2-2: Ball
3-2: Ground out 6-3 (Groundball, 6)
Pinch Hitting: LHB Wayne Akers 0-0: Ball
1-0: Ball
2-0: Foul Ball, location: 2F
2-1: Foul Ball, location: 2F
2-2: Ball
3-2: Ground out 6-3 (Groundball, 6M)
Pinch Hitting: RHB Salvador Pineda 0-0: Ball
1-0: Ball
2-0: Foul Ball, location: 2F
2-1: SOLO HOME RUN (Flyball, 8RXD), Distance : 436 ft
Batting: RHB Gabriel Guerrero 0-0: Hit by Pitch
Pitching: RHP Dennis Dunn
Batting: RHB Luis Rodríguez 0-0: Ball
1-0: SINGLE (Groundball, 6MD)
Gabriel Guerrero to second
Batting: RHB Rudko Hrnjak 0-0: Ball
1-0: Ball
2-0: Fly out, F9 (Flyball, 9S)
Bottom of the 7th over - 1 run(s), 2 hit(s), 0 error(s), 2 left on base; Phoenix 0 - Jersey City 1
TOP OF THE 8TH
Phoenix Hotspur Reserves batting - Pitching for Jersey City Tritons : LHP Chris Sommer
Now at 2B: Jonah Moody
Now at 3B: Salvador Pineda
Batting: RHB Satoshi Terada 0-0: Called Strike
0-1: SINGLE (Groundball, 4M) (infield hit)
Batting: RHB Martín Martínez 0-0: Ball
1-0: Called Strike
1-1: Called Strike
1-2: Ball
2-2: Foul Ball, location: 2F
2-2: Foul Ball, location: 2F
2-2: Ball
3-2: Fielders Choice at 2nd, 1-6 (Groundball, 13S)
Pitching: RHP António Rúbio
Pinch Hitting: RHB Jesús Mejía 0-0: Swinging Strike
0-1: Ball
1-1: Ball
2-1: Called Strike
2-2: Strikes out swinging
Pinch Hitting: SHB Roberto López
Pitching: RHP Henry Hall 0-0: Ground out 6-3 (Groundball, 6M)
Top of the 8th over - 0 run(s), 1 hit(s), 0 error(s), 1 left on base; Phoenix 0 - Jersey City 1
BOTTOM OF THE 8TH
Jersey City Tritons batting - Pitching for Phoenix Hotspur Reserves : RHP Dennis Dunn
Now at 2B: Roberto López
Now in RF: Jim Unknown
Batting: LHB Marlon Randall 0-0: Called Strike
0-1: Ball
1-1: Foul Ball, location: 2F
1-2: Ball
2-2: Strikes out looking
Batting: RHB Ju-chan Pak 0-0: Ball
1-0: Ball
2-0: Swinging Strike
2-1: Called Strike
2-2: Strikes out swinging
Batting: RHB Mike Greene 0-0: Foul Ball, location: 2F
0-1: Ball
1-1: Ball
2-1: Foul Ball, location: 2F
2-2: Foul Ball, location: 2F
2-2: Ball
3-2: Base on Balls
Batting: RHB Bob Heller 0-0: SINGLE (Flyball, 7LS)
Mike Greene to second
Batting: RHB Jonah Moody 0-0: Ball
1-0: SINGLE (Groundball, 6MD)
Mike Greene to third
Bob Heller to second
Runner from 3rd tries for Home, throw and OUT!
Bottom of the 8th over - 0 run(s), 2 hit(s), 0 error(s), 2 left on base; Phoenix 0 - Jersey City 1
TOP OF THE 9TH
Phoenix Hotspur Reserves batting - Pitching for Jersey City Tritons : RHP Henry Hall
Pitching: LHP Tetsuzan Kaneko
Batting: RHB Marc Meertens 0-0: SINGLE (Line Drive, 8LS)
Pinch Hitting: RHB Júlio Mateo 0-0: Ball
1-0: Ball
2-0: Bunted foul
2-1: Bunted foul
2-2: Ball
3-2: Strikes out swinging
Batting: RHB Billy Strauss 0-0: SINGLE (Groundball, 6MD)
Marc Meertens to second
Runner from 2nd tries for 3rd, SAFE, throw made to third
Billy Strauss to second
Batting: RHB Hiwahikeiki Noelani 0-0: Foul Ball, location: 2F
0-1: DOUBLE (Groundball, 5L)
Marc Meertens scores
Billy Strauss scores
Batting: RHB Pepe Reyes 0-0: Called Strike
0-1: SINGLE (Line Drive, 78S)
Hiwahikeiki Noelani to third
Batting: RHB Satoshi Terada 0-0: Fly out, F8 (Flyball, 8RD)
Runner from 3rd tags up, SCORES, no throw
Pitching: RHP Oliver Huerta
Batting: RHB Martín Martínez 0-0: Called Strike
0-1: Foul Ball, location: 2F
0-2: Ball
1-2: Fielders Choice at 2nd, 6-4 (Groundball, 6)
Top of the 9th over - 3 run(s), 4 hit(s), 0 error(s), 0 left on base; Phoenix 3 - Jersey City 1
BOTTOM OF THE 9TH
Jersey City Tritons batting - Pitching for Phoenix Hotspur Reserves : RHP Dennis Dunn
Pitching: RHP Jim Unknown
Now at C: Júlio Mateo
Batting: RHB Salvador Pineda 0-0: Ground out 4-3 (Groundball, 4S)
Batting: RHB Gabriel Guerrero 0-0: Ball
1-0: Called Strike
1-1: Ground out 5-3 (Groundball, 5)
Batting: RHB Luis Rodríguez 0-0: Fly out, F2 (Popup, 23)
Bottom of the 9th over - 0 run(s), 0 hit(s), 0 error(s), 0 left on base; Phoenix 3 - Jersey City 1
Saturday, May 26th, 2018 - OOTP Baseball 17.12 Build 75